 Dungeon Crawl Stone Soup version 0.30-b1-2-g02819fbbbe (webtiles) character file.

Game seed: 10831701496717490358

217 Ashen the Caller (level 5, -3/49 (50) HPs)
             Began as an Ogre Summoner on Aug 28, 2023.
             Slain by a wight
             ... wielding a +3 mace
              (6 damage)
             ... on level 4 of the Dungeon.
             The game lasted 00:10:51 (2576 turns).

Ashen the Caller (Ogre Summoner)                    Turns: 2576, Time: 00:10:51

HP:   -3/49 (50)    AC:  4    Str: 12    XL:     5   Next: 94%
MP:   4/11          EV: 10    Int: 24    God:
Gold: 168           SH:  0    Dex:  9    Spells: 3/12 levels left

rFire   . . .        p - +0 flail
rCold   . . .        (no shield)
rNeg    . . .        a - +0 robe
rPois   .            c - +0 hat
rElec   .            s - +0 cloak
rCorr   .            (gloves unavailable)
SInv    .            (boots unavailable)
Will    .....        (no amulet)
Stlth   +            q - +6 ring of intelligence
HPRegen 0.28/turn    (no ring)
MPRegen 0.12/turn

%: no passive effects
@: lightly drained
A: large, unfitting armour, tough skin 1
a: no special abilities


You were on level 4 of the Dungeon.
You visited 1 branch of the dungeon, and saw 4 of its levels.

You collected 168 gold pieces.

Inventory:

Hand Weapons
 o - a +0 whip
 p - a +0 flail (weapon)
 r - a +0 hammer
Armour
 a - a +0 robe (worn)
 c - a +0 hat (worn)
 s - a +0 cloak (worn)
Jewellery
 q - a +6 ring of intelligence (left hand)
 u - a ring of resist corrosion
Scrolls
 d - 4 scrolls of identify
 e - a scroll of blinking {unknown}
 f - a scroll of torment {unknown}
 i - 2 scrolls of silence {unknown}
 j - a scroll of immolation {unknown}
 k - 2 scrolls of teleportation {unknown}
 n - a scroll of summoning {unknown}
 w - a scroll of vulnerability {unknown}
Potions
 b - a potion of magic
 g - 4 potions of lignification
 h - a potion of attraction {unknown}
 l - a potion of degeneration {unknown}
 m - a potion of curing {unknown}
 t - 2 potions of haste {unknown}
 v - 2 potions of heal wounds {unknown}


   Skills:
 + Level 2.6 Fighting
 + Level 1.3 Maces & Flails
 + Level 2.7 Dodging
 - Level 1.4 Stealth
 * Level 4.0 Spellcasting
 * Level 4.5 Summonings


You had 3 spell levels left.
You knew the following spells:

 Your Spells              Type           Power      Damage    Failure   Level
a - Summon Small Mammal   Summ           100%       N/A       1%          1
b - Call Imp              Summ           52%        N/A       2%          2
c - Call Canine Familiar  Summ           26%        N/A       4%          3
d - Summon Guardian Gole  Hex/Summ       15%        N/A       12%         3

Your spell library contained the following spells:

 Spells                   Type           Power      Damage    Failure   Level
 Summon Lightning Spire   Summ/Air       15%        N/A       36%         4
 Petrify                  Tmut/Erth      4%         N/A       67%         4
 Metabolic Englaciation   Hex/Ice        2%         N/A       95%         5
 Statue Form              Tmut/Erth      2%         N/A       100%        6


Dungeon Overview and Level Annotations

Branches:
Dungeon (4/15)
 Temple: D:4-7

Altars:
Vehumet

Annotations:
D:3 Grinder


Innate Abilities, Weirdness & Mutations

You are too large for most types of armour.
You have tough skin. (AC +1)


Message History

Your cerulean imp closely misses the wight.
Your hound bites the wight.
The wight hits your hound with a +3 mace!
Your hound dies!
Your hound's corpse disappears in a puff of smoke!
Your cerulean imp hits the wight but does no damage.
Your cerulean imp hits the wight but does no damage.
Casting: Call Imp (safe; 2% risk of failure)
Confirm with . or Enter, or press ? or * to list all spells.
The wight hits you with a +3 mace!
Your cerulean imp closely misses the wight.
You closely miss the wight.
Your hound bites the wight but does no damage.
The wight hits you with a +3 mace!
Your cerulean imp hits the wight with a -2 spear.
You hit the wight.
The wight is lightly damaged.
Your hound closely misses the wight.
The wight hits you with a +3 mace.
Your hound bites the wight but does no damage.
Your cerulean imp hits the wight with a -2 spear.
The wight hits you with a +3 mace.
You feel drained.
Your cerulean imp hits the wight but does no damage.
Your hound barely misses the wight.
You completely miss the wight.
The wight is moderately damaged.
Your hound closely misses the wight.
The wight hits you with a +3 mace!
* * * LOW HITPOINT WARNING * * *
Your cerulean imp misses the wight.
You closely miss the wight.
The wight is moderately damaged.
Your hound bites the wight but does no damage.
Your hound closely misses the wight.
The wight hits you with a +3 mace!
* * * LOW HITPOINT WARNING * * *
Your cerulean imp hits the wight with a -2 spear.
Your hound bites the wight but does no damage.
Unknown command.
You completely miss the wight.
The wight is moderately damaged.
The wight hits you with a +3 mace.
You die...

... #.# #. #
#.####.# #. ###.
#...##.# #.
...#####....# #.
...#...#### #.
#.#.### #. #5†h# #.
##z###############.
#@................
##################


You could see a wight (ally target), a friendly hound (summoned) and a friendly
cerulean imp (summoned).

Vanquished Creatures
  A wight (D:4)
  Crazy Yiuf (D:2)
  A gnoll (D:2)
  2 adders (D:3)
  2 worms
  3 bats
  5 endoplasms
  5 giant cockroaches
  2 goblins (D:3)
  A hobgoblin (D:1)
  A jackal (D:1)
  4 kobolds
  6 ball pythons
  3 rats
37 creatures vanquished.

Vanquished Creatures (collateral kills)
  2 gnolls (D:2)
  An adder (D:3)
  An ufetubus (D:4)
  A worm (D:4)
  A dart slug (D:1)
  2 bats
  3 endoplasms
  A giant cockroach (D:3)
  A goblin (D:2)
  3 hobgoblins
  3 jackals
  3 quokkas
  A ball python (D:2)
  3 frilled lizards (D:1)
  A kobold (D:3)
  4 rats
31 creatures vanquished.

Grand Total: 68 creatures vanquished

Notes
Turn   | Place    | Note
-------+----------+-------------------------------------------
     0 | D:1      | Ashen the Ogre Summoner began the quest for the Orb.
     0 | D:1      | Reached XP level 1. HP: 16/16 MP: 3/3
    53 | D:1      | Found a faded altar of an unknown god.
    55 | D:1      | Noticed an eye of devastation
   128 | D:1      | Noticed a great orb of eyes
   136 | D:1      | Noticed a floating eye
   136 | D:1      | Noticed a great orb of eyes
   280 | D:1      | Reached XP level 2. HP: 22/26 MP: 2/5
   288 | D:1      | Reached skill level 1 in Fighting
   297 | D:1      | Learned a level 2 spell: Call Imp
   724 | D:1      | Reached XP level 3. HP: 31/33 MP: 7/7
  1105 | D:2      | Found a runed translucent door.
  1106 | D:2      | Noticed Crazy Yiuf
  1371 | D:2      | Reached XP level 4. HP: 40/42 MP: 3/8
  1586 | D:2      | Killed Crazy Yiuf
  1777 | D:3      | Reached XP level 5. HP: 44/49 MP: 8/10
  1869 | D:3      | Noticed Grinder
  1998 | D:3      | Reached skill level 1 in Maces & Flails
  2187 | D:3      | Found a radiant altar of Vehumet.
  2293 | D:3      | Learned a level 3 spell: Call Canine Familiar
  2297 | D:3      | Learned a level 3 spell: Summon Guardian Golem
  2576 | D:4      | Slain by a wight

Illustrated notes

Levels and vault maps discovered:
D:1:      dpeg_arrival_ratfight, layout_rooms,
          hellmonk_ecumenical_altar_watching_god
D:2:      layout_rooms, uniq_crazy_yiuf_cottage
D:3:      layout_basic, mainiacjoe_overflow_boulevard, minmay_surrounded,
          uniq_grinder
D:4:      layout_loops_ring, amcnicky_altar_gilded, minmay_temple_entry_ruins,
          gup_sewer_entry_bubbles, uniq_robin

Skill      XL: |  1  2  3  4  5 |
---------------+----------------+-----
Fighting       | 1 2 |  2.6
Dodging        | 2 |  2.7
Spellcasting   | 3 4 |  4.0
Summonings     | 4 |  4.5
Maces & Flails | 1 |  1.3
Stealth        | |  1.4

Action                     |  1- 3 |  4- 6 || total
---------------------------+-------+-------++-------
  Melee: Unarmed           |   101 |       ||   101
         Whip              |    18 |     4 ||    22
         Flail             |       |    93 ||    93
   Cast: Summon Small Mamm |    12 |       ||    12
         Call Imp          |    11 |     9 ||    20
         Call Canine Famil |       |     7 ||     7
    Use: Scroll            |       |     1 ||     1
   Stab: Sleeping          |     5 |     1 ||     6
 Armour: Robe              |    40 |    52 ||    92
  Dodge: Dodged            |    72 |    68 ||   140
